Map: Ascension to Aiur LE

Players

Kilieyn

  • Race: Zerg Zerg
  • League: Master
  • Spawn Location: 5:00

lllllllllllI - Winner!

  • Race: Protoss Protoss
  • League: Master
  • Spawn Location: 11:00

VOD

Have the link to the VOD?

Description

Time

  • Played on: Dec. 26, 2017, 1:59 p.m.
  • Length: 10:15
Show
View Real Time Build Order
Export as new Build Order

Kilieyn Zerg 

Build Orders: Hatch First 

Get SALT Encoding   

  12  0:01  Drone  
  13  0:14  Overlord  
  13  0:17  Drone  
  14  0:32  Drone x2  
  16  0:35  Drone  
  17  0:52  Hatchery  
  17  0:55  Drone  
  17  1:00  Drone  
  18  1:08  Drone  
  19  1:15  Spawning Pool  
  18  1:19  Drone  
  18  1:22  Extractor  
  18  1:31  Drone  
  19  1:47  Overlord  
  19  2:03  Zergling x2  
  19  2:05  Zergling x4  
  19  2:07  Queen  
  26  2:16  Extractor  
  21  2:30  Spine Crawler, Drone  
  21  2:31  Drone  
  24  2:43  Overlord  
  22  2:45  Queen  
  22  2:50  Roach Warren  
  23  3:01  Metabolic Boost  
  22  3:27  Overlord  
  22  3:38  Roach x3  
  22  3:39  Roach x2  
  32  3:42  Overlord  
  32  3:56  Roach x3  
  32  3:58  Roach  
  40  4:03  Ravager x2  
  40  4:04  Ravager  
  43  4:11  Ravager  
  40  4:41  Zergling x8  
  40  4:42  Zergling x2  
  45  4:55  Zergling x2  
  46  5:12  Ravager x3  
  49  5:14  Roach  
  49  5:15  Roach  
  49  5:16  Overlord  
  53  5:41  Roach x3  
  49  5:58  Hatchery  
  48  6:20  Drone x5  
  48  6:21  Drone  
  54  6:31  Ravager x2  
  54  7:19  Roach x4  
  54  7:20  Roach x2  
  66  7:25  Ravager x2  
  66  7:27  Overlord x2  
  68  7:50  Zergling x2  
  71  7:51  Zergling x16  
  77  8:02  Spore Crawler  
  77  8:03  Spore Crawler  
  72  8:27  Spawning Pool  
  61  9:02  Hatchery  
Show
View Real Time Build Order
Export as new Build Order

lllllllllllI Protoss - Winner!

Build Orders:  

Get SALT Encoding   

  12  0:01  Probe  
  13  0:13  Probe (Chrono Boost)  
  14  0:22  Probe (Chrono Boost)  
  14  0:27  Pylon  
  15  0:45  Probe  
  15  0:47  Forge  
  16  0:57  Probe (Chrono Boost)  
  17  1:09  Probe (Chrono Boost)  
  18  1:17  Pylon  
  18  1:19  Pylon  
  18  1:20  Pylon  
  18  1:22  Pylon  
  18  1:26  Probe  
  19  1:36  Photon Cannon  
  19  1:38  Gateway  
  19  1:41  Photon Cannon  
  19  1:47  Pylon  
  19  1:58  Probe  
  20  2:05  Photon Cannon  
  20  2:06  Photon Cannon  
  20  2:14  Photon Cannon  
  20  2:21  Assimilator  
  20  2:25  Assimilator, Probe  
  21  2:33  Zealot  
  23  2:42  Probe  
  24  2:48  Gateway  
  24  2:54  Probe  
  25  3:00  Zealot  
  27  3:06  Probe  
  28  3:18  Probe  
  27  3:26  Nexus  
  25  3:45  Pylon  
  25  3:57  Cybernetics Core  
  25  4:30  Pylon  
  25  4:34  Stargate  
  25  4:35  Stargate  
  25  4:38  Assimilator  
  25  4:44  Sentry (Chrono Boost), Assimilator  
  26  4:50  Photon Cannon x2  
  26  4:52  Shield Battery  
  26  4:59  Photon Cannon  
  26  5:11  Pylon  
  26  5:23  Void Ray (Chrono Boost)  
  30  5:29  Pylon  
  30  5:57  Photon Cannon  
  30  6:01  Probe  
  35  6:07  Void Ray (Chrono Boost)  
  35  6:13  Probe  
  35  6:16  Void Ray (Chrono Boost)  
  40  6:31  Probe  
  41  6:43  Probe  
  42  7:09  Void Ray (Chrono Boost)  
  44  7:15  Pylon  
  44  7:20  Pylon  
  43  7:27  Forge  
  45  7:38  Pylon, Void Ray (Chrono Boost)  
  42  7:55  Void Ray  
  42  7:58  Pylon  
  45  8:25  Photon Cannon  
Tags
 
Add a new tag
Caveats
  • Supply blocks, unpowered buildings, or Contaminate may cause inaccurate times.
  • Supply counts are checked every 10 seconds.